 Dungeon Crawl Stone Soup version 0.17-a0-1393-gcb420ff (webtiles) character file.

62 Steifyn the Skirmisher (level 4, 0/26 HPs)
             Began as a Tengu Fighter on June 16, 2015.
             Was an Initiate of Makhleb.
             Slain by an adder (1 damage)
             ... on level 2 of the Dungeon.
             The game lasted 00:05:43 (1756 turns).

Steifyn the Skirmisher (Tengu Fighter)              Turns: 1756, Time: 00:05:43

Health: 0/26       AC:  6    Str: 17    XL:     4   Next: 8%
Magic:  5/5        EV:  8    Int:  9    God:    Makhleb [......]
Gold:   53         SH:  9    Dex: 13    Spells: 0 memorised, 3 levels left

rFire  . . .     SeeInvis .     p - -1 hand axe
rCold  . . .     Clarity  .     f - +1 ring mail
rNeg   . . .     SustAt   .     c - +0 shield
rPois  .         Gourm    .     (helmet restricted)
rElec  .         Spirit   .     (no cloak)
rCorr  .         Warding  .     (no gloves)
rMut   .         Stasis   .     (boots unavailable)
MR     .....                    (no amulet)
Stlth  +.........               (no ring)
                                (no ring)

@: not resistant to hostile enchantments, very unstealthy
A: antennae 1, beak, talons 3, frail 1, high mp 1
a: Renounce Religion


You were on level 2 of the Dungeon.
You worshipped Makhleb.
Makhleb was noncommittal.
You were not hungry.

You visited 1 branch of the dungeon, and saw 2 of its levels.

You collected 53 gold pieces.

Inventory:

Hand weapons
 a - a +0 flail
 p - a -1 hand axe (weapon)
Armour
 b - a +0 scale mail
 c - a +0 shield (worn)
 f - a +1 ring mail (worn)
Jewellery
 m - an uncursed amulet of clarity {unknown}
Scrolls
 g - a scroll of fog {unknown}
Potions
 d - 2 potions of might
 k - 3 potions of lignification
Comestibles
 e - a bread ration
 h - 2 royal jellies


   Skills:
 * Level 3.8 Fighting
 + Level 2.4 Maces & Flails
 + Level 3.7 Armour
 + Level 3.5 Shields
 * Level 0.9 Unarmed Combat


You had 3 spell levels left.
You didn't know any spells.

Dungeon Overview and Level Annotations

Branches:
Dungeon (2/15)

Altars:
Makhleb
Sif Muna
The Shining One


Innate Abilities, Weirdness & Mutations

You have a beak for a mouth.
You have claws for feet.
You have a pair of small antennae on your head.
You are frail (-10% HP).
You have an increased reservoir of magic (+10% MP).


Message History

You feel sick. The adder barely misses you. You block the adder's attack.
The adder closely misses you. You block the adder's attack. x2
You feel sick. The adder barely misses you. You block the adder's attack.
The adder bites you but does no damage. The adder barely misses you.
You block the adder's attack.
You feel sick. The adder closely misses you. The adder barely misses you.
You block the adder's attack. The adder barely misses you.
The adder bites you but does no damage.
You feel sick.
You are no longer poisoned.
The adder bites you.
* * * LOW HITPOINT WARNING * * *
You block the adder's attack. x2
You block the adder's attack. The adder bites you.
You die...

#)###..## ##.......## #
#.......####.........###
###........'.........+..
#(#...####.........###
#.##.## ##.......##
#.#### ##.....## #....#
##...## ####.### ##'##
#....@.# #.#######
#.##S#.# #.......# #
#.#.# ##..####.# #.#.#
##...####.# #....
#.....#.... ###..
##...##รท#.# ..#
##..#)...#
..######.......#
..............#


You could see an adder.

Vanquished Creatures
  An ooze (D:1)
  3 worms (D:2)
  2 giant geckos (D:1)
  A ball python (D:2)
  2 bats (D:1)
  6 giant cockroaches
  7 goblins
  5 hobgoblins
  3 jackals (D:2)
  6 kobolds
  3 giant newts (D:1)
  2 rats
41 creatures vanquished.

Notes
Turn   | Place    | Note
--------------------------------------------------------------
     0 | D:1      | Steifyn the Tengu Fighter began the quest for the Orb.
     0 | D:1      | Reached XP level 1. HP: 14/14 MP: 2/2
   174 | D:1      | Reached XP level 2. HP: 17/19 MP: 3/3
   483 | D:1      | Reached XP level 3. HP: 21/23 MP: 4/4
  1202 | D:2      | Found a deep blue altar of Sif Muna.
  1333 | D:2      | Gained mutation: You have an increased reservoir of magic (+10% MP). [potion of mutation]
  1333 | D:2      | Gained mutation: You are frail (-10% HP). [potion of mutation]
  1333 | D:2      | Gained mutation: You have a pair of small antennae on your head. [potion of mutation]
  1605 | D:2      | Found a glowing golden altar of the Shining One.
  1605 | D:2      | Found a burning altar of Makhleb.
  1609 | D:2      | Became a worshipper of Makhleb the Destroyer
  1666 | D:2      | Reached XP level 4. HP: 26/26 MP: 5/5
  1753 | D:2      | HP: 1/26 [adder (1)]
  1756 | D:2      | Slain by an adder

Vault maps used:
D:1:      lemuel_arrival_rhombus
D:2:      overflow_temple_1_default, gammafunk_temple_overflow_elements

Action                   |  1- 3 |  4- 6 || total
-------------------------+-------+-------++-------
Melee: Flail             |    98 |       ||    98
       Hand axe          |    15 |    11 ||    26
  Use: Scroll            |     4 |       ||     4
       Potion            |     3 |       ||     3
  Eat: Bread ration      |     1 |       ||     1
